 Dungeon Crawl Stone Soup version 0.28.0-43-g3370ac3207 (webtiles) character file.

Game seed: 570812559796937557

14 tizbic2 the Sneak (level 2, -1/15 HPs)
             Began as a Vampire Enchanter on Mar 13, 2022.
             Slain by an adder (3 damage)
             ... on level 2 of the Dungeon.
             The game lasted 00:04:00 (889 turns).

tizbic2 the Sneak (Vampire Enchanter)                Turns: 889, Time: 00:04:01

Health: -1/15      AC:  2    Str:  7    XL:     2   Next: 27%
Magic:  1/5        EV:  9    Int: 17    God:
Gold:   54         SH:  0    Dex: 14    Spells: 3/5 levels left

rFire   . . .      SeeInvis +   a - +1 dagger
rCold   + + .      Faith    .   (no shield)
rNeg    + + +      Spirit   .   b - +0 robe
rPois   ∞          Reflect  .   (no helmet)
rElec   .          Harm     .   (no cloak)
rCorr   .          Rampage  .   (no gloves)
Will    .....                   (no boots)
Stlth   +++++.....              (no amulet)
HPRegen 0.00/turn               (no ring)
MPRegen 0.09/turn               (no ring)

@: bloodless, inhibited regen, constricted
A: bloodless, fangs 3, see invisible, vampiric 1
a: Revivify


You were on level 2 of the Dungeon.
You visited 1 branch of the dungeon, and saw 2 of its levels.

You collected 54 gold pieces.

Inventory:

Hand Weapons
 a - a +1 dagger (weapon)
Missiles
 f - 47 stones (quivered)
Armour
 b - a +0 robe (worn)
 g - a +0 ring mail
Scrolls
 e - a scroll of magic mapping
Potions
 c - a potion of invisibility
 d - a potion of flight {unknown}


   Skills:
 + Level 1.5 Short Blades
 - Level 2.1 Dodging
 * Level 5.0 Stealth
 + Level 2.1 Spellcasting
 + Level 4.6 Hexes


You had 3 spell levels left.
You knew the following spells:

 Your Spells              Type           Power      Damage    Failure   Level
a - Ensorcelled Hibernat  Hex/Ice        18%        N/A       11%         2

Your spell library contained the following spells:

 Spells                   Type           Power      Damage    Failure   Level
 Confusing Touch          Hex            17%        N/A       9%          3
 Tukima's Dance           Hex            17%        N/A       9%          3
 Dazzling Flash           Conj/Hex       18%        N/A       22%         3


Dungeon Overview and Level Annotations

Branches:
Dungeon (2/15)

Altars:


Innate Abilities, Weirdness & Mutations

You do not regenerate when monsters are visible.
You are frail without blood (-20% HP).
You can heal yourself when you bite living creatures.
You are immune to poison.
You have razor-sharp teeth.
You have supernaturally acute eyesight. (SInv)
You are afflicted with vampirism.


Message History

You barely miss the dart slug.
The dart slug is moderately wounded.
The ball python bites you but does no damage.
The ball python barely misses you. The dart slug closely misses you.
An adder comes into view.
Casting: Ensorcelled Hibernation (safe; 11% risk of failure)
Confirm with . or Enter, or press ? or * to list all spells.
Aiming: Ensorcelled Hibernation (safe; 11% risk of failure)
Press: ? - help, Shift-Dir - straight line, f - dart slug
Aim: a dart slug (moderately wounded, chance to affect: 61%)
The dart slug resists with significant effort.
The adder hisses angrily.
The ball python bites you but does no damage.
The ball python barely misses you. The dart slug bites you.
The ball python closely misses you. The ball python grabs you.
The ball python constricts you.
You hit the dart slug.
The dart slug is moderately wounded.
The ball python barely misses you. The ball python constricts you.
You hit the dart slug but do no damage.
The dart slug is moderately wounded.
The dart slug barely misses you. The ball python bites you.
The ball python constricts you.
Okay, then.
Casting: Ensorcelled Hibernation (safe; 11% risk of failure)
Confirm with . or Enter, or press ? or * to list all spells.
Aiming: Ensorcelled Hibernation (safe; 11% risk of failure)
Press: ? - help, Shift-Dir - straight line, f/p - dart slug
Aim: a dart slug (moderately wounded, chance to affect: 61%)
The dart slug looks drowsy...
The ball python bites you.
* * * LOW HITPOINT WARNING * * *
The ball python constricts you.
The helpless dart slug fails to defend itself.
You impale the dart slug!!
You kill the dart slug!
The ball python bites you but does no damage.
The ball python constricts you.
* * * LOW HITPOINT WARNING * * *
The adder bites you.
You die...

#... #...# #...# #...#
#. #####...#######...
....(...........#.
.........S@†......
...........S....##
####...#######...
#...# # #...# #...#
##.### ####...########
.#.##................#
....#.#####...######.#


You could see an adder and a ball python.

Vanquished Creatures
  A dart slug (D:2)
  2 ball pythons
  2 giant cockroaches
  2 hobgoblins (D:1)
  A bat (D:1)
  A frilled lizard (D:2)
  2 goblins (D:1)
  3 kobolds (D:1)
  A rat (D:2)
15 creatures vanquished.

Notes
Turn   | Place    | Note
-------+----------+-------------------------------------------
     0 | D:1      | tizbic2 the Vampire Enchanter began the quest for the Orb.
     0 | D:1      | Reached XP level 1. HP: 13/13 MP: 3/3
   457 | D:1      | Reached XP level 2. HP: 13/15 MP: 5/5
   511 | D:1      | Learned a level 2 spell: Ensorcelled Hibernation
   831 | D:2      | Reached skill level 5 in Stealth
   889 | D:2      | Slain by an adder

Illustrated notes

Levels and vault maps discovered:
D:1:      psy_arrival_conway, layout_rooms, kennysheep_decorative_pillar
D:2:      layout_loops_cross

Skill      XL: |  1  2 |
---------------+-------+-----
Stealth        | 5 |  5.0
Short Blades   | |  1.5
Dodging        | |  2.1
Spellcasting   | |  2.1
Hexes          | |  4.6

Action                   || total
-------------------------++-------
Melee: Dagger            ||    66
       Bite              ||     6
Throw: Stone             ||     2
 Cast: Ensorcelled Hiber ||     5
 Abil: Exsanguinate      ||     1
  Use: Scroll            ||     1
 Stab: Sleeping          ||     6
Armor: Robe              ||    15
Dodge: Dodged            ||    47
